 Dungeon Crawl Stone Soup version 0.17.1-2-g5865329 (webtiles) character file.

63 Jerry the Sneak (level 4, -11/28 HPs)
             Began as an Octopode Wizard on Jan 24, 2016.
             Mangled by Crazy Yiuf
             ... wielding a +2 quarterstaff of chaos
              (13 damage)
             ... on level 2 of the Dungeon.
             The game lasted 00:11:58 (2367 turns).

Jerry the Sneak (Octopode Wizard)                   Turns: 2367, Time: 00:11:58

Health: -11/28     AC:  1    Str:  7    XL:     4   Next: 10%
Magic:  8/8        EV: 12    Int: 20    God:
Gold:   85         SH:  3    Dex: 10    Spells: 1 memorised, 8 levels left

rFire  . . .     SeeInvis .     h - +0 whip
rCold  . . .     Clarity  .     g - +0 buckler (curse)
rNeg   . . .     SustAt   .     a - +0 hat
rPois  .         Gourm    .     (no amulet)
rElec  .         Spirit   .     o - ring of wizardry
rCorr  .         Warding  .     (no ring)
rMut   .         Stasis   .     (no ring)
MR     .....                    (no ring)
Stlth  +++.......               (no ring)
                                (no ring)
                                (no ring)
                                (no ring)

@: not resistant to hostile enchantments, fairly stealthy
A: almost no armour, amphibious, 8 rings, constrict 8, camouflage 1, gelatinous
body 1
a: no special abilities


You were on level 2 of the Dungeon.
You were not hungry.

You visited 1 branch of the dungeon, and saw 2 of its levels.

You collected 85 gold pieces.

Inventory:

Hand Weapons
 h - a +0 whip (weapon)
Armour
 a - a +0 hat (worn)
 g - a cursed +0 buckler (worn)
Jewellery
 o - a ring of wizardry (left tentacle)
Scrolls
 c - a scroll of random uselessness {unknown}
 e - 3 scrolls of remove curse {unknown}
 f - 3 scrolls of identify {unknown}
 n - a scroll of teleportation {unknown}
Potions
 d - a potion of haste {unknown}
 j - a potion of curing {unknown}
 k - 2 potions of agility {unknown}
 l - 2 potions of magic {unknown}
 q - a potion of flight {unknown}
 r - a potion of ambrosia {unknown}
Books
 b - a book of Minor Magic

   Spells                             Type                      Level
   a - Magic Dart                     Conjuration                  1
   b - Blink                          Translocation                2
   c - Call Imp                       Summoning                    2
   d - Repel Missiles                 Charms/Air                   2
   e - Slow                           Hexes                        2
   f - Conjure Flame                  Conjuration/Fire             3
   g - Mephitic Cloud                 Conjuration/Poison/Air       3
Comestibles
 i - 3 beef jerkies
 m - a bread ration
 p - 3 fruits


   Skills:
 + Level 1.0 Fighting
 + Level 2.8 Dodging
 + Level 3.8 Stealth
 + Level 0.6 Shields
 + Level 3.2 Spellcasting
 + Level 1.5 Conjurations
   Level 1.0 Summonings
   Level 1.0 Translocations


You had 8 spell levels left.
You knew the following spells:

 Your Spells              Type           Power        Failure   Level  Hunger
a - Magic Dart            Conj           #...         6%          1    None


Dungeon Overview and Level Annotations

Branches:
Dungeon (2/15)

Altars:

Annotations:
D:2 Crazy Yiuf


Innate Abilities, Weirdness & Mutations

You cannot wear most types of armour.
You are amphibious.
You can wear up to eight rings at the same time.
You can use your tentacles to constrict eight enemies at once.
Your skin changes colour to match your surroundings (Stealth).
Your rubbery body absorbs attacks (AC +1).


Message History

Found a mace.
There is an open door here.
The helpless Crazy Yiuf fails to defend himself.
You hit Crazy Yiuf. You grab Crazy Yiuf.
Crazy Yiuf is lightly wounded.
You constrict Crazy Yiuf, but do no damage.
Crazy Yiuf hits you with a quarterstaff of chaos!
You hit Crazy Yiuf.
Crazy Yiuf is moderately wounded.
You constrict Crazy Yiuf, but do no damage.
Crazy Yiuf hits you with a quarterstaff of chaos!
You suddenly lose the ability to move!
You lose your grip on Crazy Yiuf.
Crazy Yiuf hits you with a quarterstaff of chaos!
* * * LOW HITPOINT WARNING * * *
You can move again.
You closely miss Crazy Yiuf. You grab Crazy Yiuf.
Crazy Yiuf is moderately wounded.
You constrict Crazy Yiuf, but do no damage.
Crazy Yiuf hits you with a quarterstaff of chaos!
You die...

........'.........'..............
.#...####.........####...##.#####
.##.## ##.......## ##.........#
.##### ##.....## #.###.###.#
.....# ####### #.#...# #.# ####.#
#.#.### #.# #.# ##### #.#.#####.#
#.#### #.g)# #.........# #....#
#.@.# ###.####### ####.#### #...#
#.# #....# ##'## #.# ###### ♣♣.♣
####†# ♣.♣♣ #....# ♣♣.♣ ######
♣.♣♣ ♣♣.♣♣ ♣.P.♣♣


You could see Crazy Yiuf.

Vanquished Creatures
  3 adders
  A giant gecko (D:2)
  2 ball pythons (D:2)
  2 bats
  4 giant cockroaches
  5 goblins
  8 hobgoblins
  3 kobolds (D:1)
  A giant newt (D:1)
  4 rats
33 creatures vanquished.

Notes
Turn   | Place    | Note
--------------------------------------------------------------
     0 | D:1      | Jerry the Octopode Wizard began the quest for the Orb.
     0 | D:1      | Reached XP level 1. HP: 11/11 MP: 4/4
   140 | D:1      | Reached XP level 2. HP: 4/17 MP: 0/6
   588 | D:1      | Reached XP level 3. HP: 15/22 MP: 7/7
  2338 | D:2      | Reached skill level 1 in Fighting
  2338 | D:2      | Reached XP level 4. HP: 25/28 MP: 5/8
  2360 | D:2      | Noticed Crazy Yiuf
  2365 | D:2      | Paralysed by Crazy Yiuf for 2 turns
  2367 | D:2      | Mangled by Crazy Yiuf

Action                   |  1- 3 |  4- 6 || total
-------------------------+-------+-------++-------
Melee: Unarmed           |     5 |       ||     5
       Whip              |    45 |     3 ||    48
       Dagger            |     6 |       ||     6
 Cast: Magic Dart        |    56 |       ||    56
 Stab: Sleeping          |     4 |     1 ||     5
  Eat: Bread ration      |     1 |       ||     1
